 Seeded DCSS version 0.29-a0-356-g7bc237e783 (webtiles) character file.

Game seed: 16888336459054413260 (custom seed)

1588 zeratav the Cleaver (level 8, -12/68 HPs)
             Began as a Hill Orc Monk on Apr 25, 2022.
             Was a Priest of Qazlal.
             Mangled by a two-headed ogre
             ... wielding a +0 giant club
              (16 damage)
             ... on level 6 of the Dungeon.
             The game lasted 00:09:50 (7826 turns).

zeratav the Cleaver (Hill Orc Monk)                 Turns: 7826, Time: 00:09:51

Health: -12/68     AC:  7    Str: 16    XL:     8   Next: 92%
Magic:  15/15      EV: 10    Int: 10    God:    Qazlal [***...]
Gold:   270        SH:  4    Dex: 13    Spells: 7/7 levels left

rFire   . . .      SeeInvis .   a - +0 hand axe {axe}
rCold   + . .      Faith    .   (no shield)
rNeg    + . .      Spirit   .   h - +0 scale mail
rPois   .          Reflect  .   (no helmet)
rElec   .          Harm     .   (no cloak)
rCorr   .          Rampage  .   g - +0 pair of gloves
Will    .....                   (no boots)
Stlth   ..........              (no amulet)
HPRegen 0.21/turn               x - ring of Recklessness {rC+ rN+}
MPRegen 0.14/turn               (no ring)

@: no status effects
A: no striking features
a: Renounce Religion, Upheaval, Elemental Force


You were on level 6 of the Dungeon.
You worshipped Qazlal.
Qazlal was most pleased with you.
You visited 1 branch of the dungeon, and saw 6 of its levels.

You collected 294 gold pieces.
You spent 24 gold pieces at shops.


   Skills:
 + Level 5.3 Fighting
 - Level 10.0 Axes
 - Level 2.4 Dodging
 - Level 1.5 Stealth
 - Level 10.0 Invocations


You had 7 spell levels left.
You didn't know any spells.
Your spell library contained the following spells:

 Spells                   Type           Power      Damage    Failure   Level
 Poisonous Vapours        Pois/Air       0%         N/A       91%         2
 Frozen Ramparts          Ice            0%         1d2       99%         3
 Ice Form                 Ice/Tmut       0%         N/A       100%        4
 Summon Ice Beast         Ice/Summ       0%         N/A       100%        4
 Manifold Assault         Tloc           0%         N/A       100%        5

Inventory:

Hand Weapons
 a - a +0 hand axe (weapon) {axe}
 f - a +1 vorpal spear {polearm}
   (You took it off a gnoll sergeant on level 5 of the Dungeon)
 i - a +0 dagger of speed {short}
   (You took it off an orc wizard on level 4 of the Dungeon)
 o - the +5 short sword of Ruiree {freeze, rElec rPois Will- Str+2, short}
   (You found it on level 4 of the Dungeon)

   It freezes those it strikes, dealing additional cold damage.
   It can also slow down cold-blooded creatures.
   Str:       It affects your strength (+2).
   rElec:     It insulates you from electricity.
   rPois:     It protects you from poison.
   Will:      It decreases your willpower.
 t - a +0 whip of venom {mace}
   (You took it off a gnoll on level 4 of the Dungeon)
 y - a +1 short sword of electrocution {short}
   (You took it off a kobold on level 4 of the Dungeon)
 G - a +0 whip of venom {mace}
   (You took it off a gnoll on level 5 of the Dungeon)
 H - a +1 whip of flaming {mace}
   (You took it off Pikel on level 6 of the Dungeon)
Armour
 b - a +0 ring mail
   (You found it on level 5 of the Dungeon)
 g - a +0 pair of gloves (worn)
   (You found it on level 2 of the Dungeon)
 h - a +0 scale mail (worn)
   (You found it on level 2 of the Dungeon)
 j - a +0 robe
   (You took it off an orc wizard on level 4 of the Dungeon)
 l - a +0 robe
   (You took it off an orc wizard on level 4 of the Dungeon)
 m - a +0 leather armour
   (You took it off an orc on level 4 of the Dungeon)
 q - a +0 robe
   (You took it off a gnoll shaman on level 4 of the Dungeon)
 u - a +0 scale mail
   (You took it off a gnoll sergeant on level 5 of the Dungeon)
 w - a +0 robe
   (You found it on level 4 of the Dungeon)
 C - a +1 pair of gloves
   (You found it on level 5 of the Dungeon)
 D - a +0 robe
   (You found it on level 5 of the Dungeon)
 F - a +0 ring mail
   (You found it on level 5 of the Dungeon)
 I - a +1 robe of willpower
   (You took it off Pikel on level 6 of the Dungeon)
 J - a +0 robe
   (You found it on level 6 of the Dungeon)
Jewellery
 x - the ring of Recklessness (left hand) {rC+ rN+}
   (You found it on level 3 of the Dungeon)

   [ring of protection from cold]

   rC:        It protects you from cold.
   rN:        It protects you from negative energy.
Wands
 n - a wand of flame (18)
   (You found it on level 4 of the Dungeon)
Scrolls
 e - a scroll of brand weapon
 k - a scroll of teleportation {@r4}
 v - a scroll of fog
 B - a scroll of enchant armour {unknown}
 E - a scroll of vulnerability {unknown}
Potions
 c - a potion of ambrosia
 d - 3 potions of magic
 p - a potion of invisibility {unknown}
 r - 2 potions of mutation {unknown}
 s - a potion of might
 z - a potion of heal wounds {unknown}
 A - a potion of brilliance {unknown}

Dungeon Overview and Level Annotations

Branches:
Dungeon (6/15)
 Temple: D:4-7

Altars:
Qazlal

Shops:
D:3

? ## ### .. ..# .
#.. #.# .. #.. #.#
#.#.
#..###.###.....
#.......○..#.#.
###...†.○@O......
..#.##..######.#.
#.#.##..#
#.#.##..#
#.#.##..#####..
####.#.##.........
#.......##.#####.
#.#####.##.# #.#
#.##.#


You could see a two-headed ogre.


Message History

The cutting wind hits the lemure!! x2
You kill the lemure!
That felt strangely unrewarding.
The cutting wind hits Pikel!!
You kill Pikel!
Qazlal accepts your kill.
With Pikel's spell broken, his former minions thank you for their freedom.
The lemure departs this earthly plane. x3
Training target 10.0 for Invocations reached!
Your Invocations skill gained 2 levels and is now at level 10!
You need to enable at least one skill for training.
Your Fighting skill gained 2 levels and is now at level 5!
HP[+2] MP[-3]
You now have 68 max hp (+4).
You regained 2 hp, and now have 22/68 hp.
You lost 3 mp, and now have 11/15 mp.
You start resting.
HP[+6] MP[+4]
You regained 6 hp, and now have 28/68 hp.
Your mp is fully restored (15).
H - a +1 whip of flaming {mace};
I - a +1 robe of willpower You see here the kobold skeleton of Pikel.
HP[+40]
Your hp is fully restored (68).
Found a stone staircase leading up.
You now have 270 gold pieces (gained 13).
You see here the kobold skeleton of Pikel.
Something shouts, "Escape, thou venomed bat-fowling pot-faker!"
J - a +0 robe You hear an angry hiss.
A shadow imp comes into view.
An adder comes into view.
The adder hisses angrily.
You hear two shouts!
The shadow imp hits you but does no damage.
You hit the shadow imp.
The shadow imp hits you but does no damage.
You closely miss the shadow imp.
The shadow imp hits you but does no damage.
You barely miss the shadow imp. The shadow imp gestures at you.
Pain shoots through your body!
You barely miss the shadow imp. You block the shadow imp's attack.
HP[-6]
You take 6 damage, and now have 62/68 hp.
You hit the shadow imp. You hit the shadow imp.
You kill the shadow imp!
Qazlal accepts your kill.
You barely miss the adder. The adder bites you.
HP[-2]
You take 2 damage, and now have 60/68 hp.
You completely miss the adder. The adder bites you.
You hit the adder. You block the adder's attack.
HP[-2]
You take 2 damage, and now have 58/68 hp.
You hit the adder but do no damage. The adder barely misses you.
You hit the adder. The adder bites you but does no damage.
You barely miss the adder. The adder bites you but does no damage.
You hit the adder.
You kill the adder!
Qazlal accepts your kill.
A two-headed ogre comes into view. It is wielding two +0 giant clubs.
HP[+1]
You hit the two-headed ogre.
The two-headed ogre hits you with a +0 giant club.
The two-headed ogre barely misses you.
HP[-3]
You take 3 damage, and now have 56/68 hp.
You barely miss the two-headed ogre. You hit the two-headed ogre.
The two-headed ogre hits you with a +0 giant club! x2
HP[-19]
You take 19 damage, and now have 37/68 hp.
MASSIVE DAMAGE!! (PAUSE)
You are too injured to fight recklessly!
You are too injured to fight recklessly!
You are too injured to fight recklessly!
You are too injured to fight recklessly!
You are too injured to fight recklessly!
You are too injured to fight recklessly!
You are too injured to fight recklessly!
You are too injured to fight recklessly!
You are too injured to fight recklessly!
You hit the two-headed ogre but do no damage.
You hit the two-headed ogre. The two-headed ogre closely misses you.
The two-headed ogre hits you with a +0 giant club!
* * * LOW HITPOINT WARNING * * *
HP[-13]
You take 13 damage, and now have 24/68 hp.
You hit the two-headed ogre. You slash the two-headed ogre!
The two-headed ogre hits you with a +0 giant club!!
* * * LOW HITPOINT WARNING * * *
You block the two-headed ogre's attack.
HP[-20]
You take 20 damage, and now have 4/68 hp.
MASSIVE DAMAGE!! (PAUSE)
You hit the two-headed ogre.
You hit the two-headed ogre but do no damage.
The two-headed ogre hits you with a +0 giant club!
You die...

Skill      XL: |  1  2  3  4  5  6  7  8 |
---------------+-------------------------+-----
Axes           | 5 6 7 9 10 | 10.0
Invocations    | 7 10 | 10.0
Fighting       | 5 |  5.3
Dodging        | |  2.4
Stealth        | |  1.5

Action                   |  1- 3 |  4- 6 |  7- 9 || total
-------------------------+-------+-------+-------++-------
Melee: Hand axe          |   118 |   152 |   268 ||   538
       Punch             |     1 |       |     4 ||     5
Invok: Upheaval          |       |     1 |     3 ||     4
Evoke: Wand              |       |       |     1 ||     1
  Use: Scroll            |       |       |     9 ||     9
       Potion            |       |       |     2 ||     2
Armor: Robe              |     7 |       |       ||     7
       Scale mail        |    28 |    50 |    81 ||   159
Dodge: Dodged            |    68 |    68 |    96 ||   232
Block: Other             |     7 |    13 |    41 ||    61

Levels and vault maps discovered:
D:1:      lemuel_arrival_room, layout_rooms, shapermc_ecumenical_altar_gd,
          kennysheep_another_room
D:2:      kennysheep_six_static_rooms, layout_basic, basic_altar,
          nrook_campfire, minmay_cupped, uniq_terence
D:3:      layout_rooms, serial_shops, shop, corexii_leaking_fountain,
          minmay_misc_feat_encased, serial_bayou_ford_a,
          kennysheep_decorative_pillar, roderic_cross_of_infinity, uniq_sigmund
D:4:      cheibrodos_fertilizer, layout_basic, nicolae_elevator_lobby_plus
D:5:      layout_basic
D:6:      layout_loops_ring, uniq_edmund, uniq_menkaure, uniq_pikel

Notes
Turn   | Place    | Note
-------+----------+-------------------------------------------
     0 | D:1      | zeratav the Hill Orc Monk began the quest for the Orb.
     0 | D:1      | Reached XP level 1. HP: 19/19 MP: 1/1
     0 | D:1      | magus.rc [v1.9.6]
   118 | D:1      | Reached XP level 2. HP: 13/26 MP: 2/2
   370 | D:1      | You fall into a shaft and drop 1 floor!
   373 | D:2      | Found a stormy altar of Qazlal.
   391 | D:2      | Became a worshipper of Qazlal Stormbringer
   391 | D:2      | Reached * piety under Qazlal
   391 | D:2      | Reached ** piety under Qazlal
   439 | D:2      | Reached skill level 5 in Axes
   643 | D:2      | Reached XP level 3. HP: 21/31 MP: 3/3
   915 | D:2      | Reached skill level 6 in Axes
  1460 | D:2      | Reached XP level 4. HP: 37/39 MP: 4/4
  1678 | D:2      | You add the spells Poisonous Vapours and Manifold Assault
                  | to your library.
  1678 | D:2      | Got the Reference Book on the Compass and Venom
  1678 | D:2      | Noticed Terence
  1694 | D:2      | Killed Terence
  1695 | D:2      | Reached skill level 7 in Axes
  2107 | D:1      | Reached XP level 5. HP: 37/41 MP: 5/5
  2372 | D:1      | Found a faded altar of an unknown god.
  2681 | D:3      | Noticed Sigmund
  2716 | D:3      | Killed Sigmund
  2717 | D:3      | Reached skill level 9 in Axes
  2717 | D:3      | Reached XP level 6. HP: 30/51 MP: 6/6
  2888 | D:3      | Reached *** piety under Qazlal
  2893 | D:3      | HP: 12/51 [gnoll/+0 spear (4)]
  3292 | D:3      | Noticed an ice beast
  3305 | D:3      | Killed an ice beast
  3306 | D:3      | Reached skill level 10 in Axes
  3306 | D:3      | Reached XP level 7. HP: 57/57 MP: 3/7
  3309 | D:3      | Reached skill level 1 in Invocations
  3412 | D:3      | Identified the ring of Recklessness {rC+ rN+}
  3424 | D:3      | You pick up a book of Rime and begin reading...
  3424 | D:3      | You add the spells Frozen Ramparts, Ice Form and Summon Ice
                  | Beast to your library.
  3437 | D:3      | Found Simiaxou's Magic Scroll Boutique.
  3448 | D:3      | Bought a scroll of identify for 24 gold pieces
  3720 | D:4      | Reached skill level 3 in Invocations
  4110 | D:4      | Reached skill level 4 in Invocations
  4357 | D:4      | Identified the +5 short sword of Ruiree {freeze, rElec
                  | rPois Will- Str+2}
  4524 | D:4      | Reached skill level 5 in Invocations
  5279 | D:5      | Entered Level 5 of the Dungeon
  5361 | D:5      | Reached skill level 6 in Invocations
  5370 | D:5      | Reached **** piety under Qazlal
  5550 | D:5      | HP: 2/57 [ogre/+0 giant club (31)]
  5554 | D:5      | Reached skill level 7 in Invocations
  5554 | D:5      | Reached XP level 8. HP: 3/64 MP: 11/13
  6483 | D:5      | HP: 16/64 [gnoll sergeant/+1 vorpal spear (8)]
  6488 | D:5      | HP: 6/64 [poisoned by a gnoll]
  6492 | D:5      | HP: 2/64 [poisoned by a gnoll]
  6823 | D:5      | Reached skill level 8 in Invocations
  7532 | D:6      | Noticed Pikel
  7557 | D:6      | Killed Pikel
  7558 | D:6      | Reached skill level 10 in Invocations
  7558 | D:6      | Reached skill level 5 in Fighting
  7815 | D:6      | Noticed a two-headed ogre
  7824 | D:6      | HP: 4/68 [two-headed ogre/+0 giant club (20)]
  7826 | D:6      | Mangled by a two-headed ogre

Vanquished Creatures
  Pikel (D:6)
  Sigmund (D:3)
  An ice beast (D:3)
  2 ogres
  A lemure (D:6)
  A gnoll sergeant (D:5)
  A scorpion (D:5)
  A hound (D:5)
  A gnoll shaman (D:4)
  2 jellies
  Terence (D:2)
  An iguana (D:6)
  2 orc wizards (D:4)
  13 gnolls
  12 adders
  A shadow imp (D:6)
  A white imp (D:5)
  4 worms
  3 dart slugs
  4 orcs (D:4)
  9 ball pythons
  11 bats
  21 endoplasms
  5 giant cockroaches
  6 goblins
  5 hobgoblins
  2 jackals (D:1)
  7 quokkas
  6 frilled lizards
  14 kobolds
  5 rats
145 creatures vanquished.

Vanquished Creatures (others)
  4 fungi (D:4)
  14 plants (D:3)
  11 toadstools (D:4)
29 creatures vanquished.

Grand Total: 174 creatures vanquished

Table legend:
 A = Non-vault XP
 B = Vault XP
 C = Vault XP percentage of total XP
 D = Non-vault monster count
 E = Vault monster count
 F = Vault count percentage of total count
                 A         B        C        D         E       F
            +---------+---------+-------+---------+---------+-------
      Total |    1258 |    1011 |  44.6 |     115 |      29 |  20.1
            +---------+---------+-------+---------+---------+-------
        D:1 |      53 |       0 |   0.0 |      29 |       0 |   0.0
        D:2 |      65 |      74 |  53.2 |      18 |       9 |  33.3
        D:3 |     237 |     226 |  48.8 |      26 |       1 |   3.7
        D:4 |     313 |      70 |  18.3 |      21 |      18 |  46.2
        D:5 |     530 |       0 |   0.0 |      18 |       0 |   0.0
        D:6 |      60 |     641 |  91.4 |       3 |       1 |  25.0
            +---------+---------+-------+---------+---------+-------

Illustrated notes

Table legend:
 A = Kills in this place as a percentage of kills in entire the game.
 B = Kills by you in this place as a percentage of kills by you in the entire game.
 C = Kills by friends in this place as a percentage of kills by friends in the entire game.
 D = Other kills in this place as a percentage of other kills in the entire game.
 E = Experience gained in this place as a percentage of experience gained in the entire game.
 F = Experience gained in this place divided by the number of levels of this place that you have seen.
                   A       B       C       D       E      F
               +-------+-------+-------+-------+-------+----------------------
         Total | 100.0 | 100.0 |   N/A |   N/A | 100.0 | 378.2
       Dungeon | 100.0 | 100.0 |   N/A |   N/A | 100.0 | 378.2
               +-------+-------+-------+-------+-------+----------------------

Table legend: (Time is in decaauts)
 A = Elapsed time spent in this place.
 B = Non-inter-level travel time spent in this place.
 C = Inter-level travel time spent in this place.
 D = Time resting spent in this place.
 E = Time spent auto-exploring this place.
 F = Levels seen in this place.
 G = Mean time per level.
                   A        B        C        D        E       F      G
               +--------+--------+--------+--------+--------+-----+--------+
         Total |   7776 |   7488 |    288 |   2506 |   3947 |   6 | 1296.0 |
       Dungeon |   7776 |   7488 |    288 |   2506 |   3947 |   6 | 1296.0 |
               +--------+--------+--------+--------+--------+-----+--------+

Top non-repeatable levels by time:
     D:5: 1948 daAuts
     D:2: 1885 daAuts
     D:4: 1798 daAuts
     D:1: 1009 daAuts
     D:3: 827 daAuts
     D:6: 306 daAuts
